[Event "Titled Tuesday Blitz May 24 Early 2022"]
[White "McCoy, Owen"]
[Black "Nogerbek, Kazybek"]
[WhiteFideId "30924502"]
[BlackFideId "13710427"]
[WhiteElo "2487"]
[BlackElo "2441"]
[Result "0-1"]
[Round "01"]
[TimeControl "180+1"]
[Date "2022.05.24"]
[WhiteClock "0:00:14"]
[BlackClock "0:01:11"]

1. e4 e5 2. Nf3 Nc6 3. Bc4 Nf6 4. Ng5 d5 5. exd5 Na5 6. Bb5+ c6 7. dxc6 bxc6 8. Bd3 Nd5 9. Nf3 Bd6 10. O-O O-O 11. Re1 Re8 12. Nc3 f5 13. Bf1 e4 14. Nd4 Qf6 15. Nb3 Nxb3 16. axb3 Be6 17. Bc4 Rad8 18. Rxa7 Nxc3 19. Bxe6+ Rxe6 20. bxc3 f4 21. Qg4 Re5 22. Rd7 Rf8 23. c4 Rg5 24. Rxd6 Rxg4 25. Rxf6 Rxf6 26. Rxe4 Rg5 27. Bb2 Rf8 28. Bc3 f3 29. g3 Ra8 30. h4 Rf5 31. Re7 Rf7 32. Re6 Ra2 33. Rxc6 Rxc2 34. Rc8+ Rf8 35. Rc7 Rf7 36. Rc8+ Rf8 37. Rc7 Re8 38. Rxg7+ Kf8 39. Rxh7 Re2 40. Kh2 Rxf2+ 41. Kh3 Re2 42. Rh6 Ke7 43. Rh7+ Ke6 44. Rh6+ Kd7 45. Rh7+ Re7 46. Rh6 Rf7 47. Rf6 Rxf6 48. Bxf6 Rxd2 49. Be5 Ke6 50. Bf4 Rb2 51. Be3 Rxb3 52. Bd4 Rb4 53. Bg1 Rxc4 54. g4 Rc2 55. Kg3 Rg2+ 56. Kxf3 Rxg1 57. Kf4 Kf6 58. h5 Rf1+ 59. Kg3 Kg5 60. Kh3 Rf4 61. Kh2 Rxg4 62. Kh1 Rh4+ 63. Kg1 Rf4 64. Kh1 Rg4 65. Kh2 Kxh5 66. Kh1 Kg5 67. Kh2 Kf4 68. Kh1 Kf3 69. Kh2 Kf2 70. Kh3 Rf4 71. Kh2 Rh4# 0-1


[Site "https://www.chess.com"]

[Event "Titled Tuesday Blitz May 24 Early 2022"]
[White "Mekhitarian, Krikor Sevag"]
[Black "Zorbos"]
[WhiteFideId "2107660"]
[WhiteElo "2598"]
[BlackElo "2504"]
[Result "1-0"]
[Round "01"]
[TimeControl "180+1"]
[Date "2022.05.24"]
[WhiteClock "0:00:37"]
[BlackClock "0:00:10"]

1. d4 Nf6 2. Nf3 e6 3. g3 d5 4. Bg2 Be7 5. O-O O-O 6. b3 c5 7. dxc5 Bxc5 8. c4 Nc6 9. cxd5 Qxd5 10. Bb2 Rd8 11. Nc3 Qxd1 12. Rfxd1 Rxd1+ 13. Rxd1 Kf8 14. Na4 Be7 15. Nd4 Nxd4 16. Bxd4 Nd5 17. Bxd5 exd5 18. Bc5 Be6 19. Bxe7+ Kxe7 20. Rd2 Rc8 21. f3 Kd6 22. Nb2 Kc5 23. Nd3+ Kd4 24. Kf2 a5 25. Ke1 a4 26. bxa4 Ra8 27. Kd1 Ke3 28. Ke1 Kd4 29. Kd1 Ke3 30. Rb2 Rxa4 31. Ke1 Kd4 32. Kd2 Ra7 33. Rb4# 1-0


[Site "https://www.chess.com"]

[Event "Titled Tuesday Blitz May 24 Early 2022"]
[White "Melikhov, Evgeny V."]
[Black "Seemann, Jakub"]
[WhiteFideId "4122046"]
[BlackFideId "21874697"]
[WhiteElo "1931"]
[BlackElo "2003"]
[Result "1-0"]
[Round "01"]
[TimeControl "180+1"]
[Date "2022.05.25"]
[WhiteClock "0:00:10"]
[BlackClock "0:00:03"]

1. d4 d5 2. c4 c6 3. Nc3 Nf6 4. e3 e6 5. Nf3 Nbd7 6. Bd3 dxc4 7. Bxc4 Bd6 8. O-O O-O 9. e4 e5 10. Bg5 Qc7 11. d5 h6 12. Bh4 cxd5 13. Bxd5 a6 14. Rc1 Qb8 15. Bb3 Nc5 16. Bxf6 gxf6 17. Bd5 Bg4 18. Qe2 Ne6 19. Qe3 Kg7 20. Nh4 Ng5 21. h3 Be6 22. Nf5+ Bxf5 23. exf5 e4 24. Rcd1 Bf4 25. Qd4 Qe5 26. h4 Nh7 27. Qxe5 Bxe5 28. Bxe4 Rfd8 29. g3 Nf8 30. Bxb7 Rab8 31. Rxd8 Rxd8 32. Bxa6 Rd2 33. Nd1 Nd7 34. b4 Bd4 35. a4 Ne5 36. Bb7 Nd3 37. b5 Ra2 38. Be4 Nc5 39. b6 Nxe4 40. b7 Ba7 41. Re1 Nxf2 42. Nxf2 Bxf2+ 43. Kf1 Ba7 44. Re8 Rf2+ 45. Ke1 Rb2 46. Ra8 Rxb7 47. Ke2 Re7+ 48. Kf3 Bd4 49. Rd8 Be5 50. Rd3 Ra7 51. Ra3 Kf8 52. g4 Ke7 53. Ke4 Kd6 54. a5 Kc5 55. g5 hxg5 56. hxg5 Kb4 57. Ra2 Kb3 58. Rg2 Rxa5 59. g6 fxg6 60. fxg6 Bc3 61. g7 f5+ 62. Kf4 Be5+ 63. Kf3 Bxg7 64. Rxg7 Kc4 65. Rf7 Kd4 66. Kf4 Ra1 67. Rd7+ Kc5 68. Kxf5 Rf1+ 69. Kg6 Kc6 70. Rf7 Rg1+ 71. Kh7 Kd6 72. Rf6+ Ke7 73. Rg6 Rh1+ 74. Rh6 Rf1 75. Rg6 Kf7 76. Rg7+ Kf6 77. Rg6+ Kf5 78. Rg7 Rh1+ 79. Kg8 Ra1 80. Rf7+ Kg6 81. Rg7+ Kf6 82. Rf7+ Ke6 83. Rg7 Rh1 84. Kf8 Ra1 85. Rg6+ Kf5 86. Rb6 Ra8+ 87. Ke7 Ra7+ 88. Kf8 Ke5 89. Ke8 Kf5 90. Kf8 Ra3 91. Ke8 Ke5 92. Kf8 Kd5 93. Ke8 Ke5 94. Kf8 Ra7 95. Ke8 Kd5 96. Kf8 Kc5 97. Rh6 Kd5 98. Ke8 Ke5 99. Kf8 Ra5 100. Rh5+ Kf6 101. Rxa5 Ke6 102. Kg7 1-0


[Site "https://www.chess.com"]

[Event "Titled Tuesday Blitz May 24 Early 2022"]
[White "Mestnikov, Aisen"]
[Black "Srihari L R"]
[WhiteFideId "34130117"]
[BlackFideId "46617116"]
[WhiteElo "2027"]
[BlackElo "2121"]
[Result "0-1"]
[Round "01"]
[TimeControl "180+1"]
[Date "2022.05.25"]
[WhiteClock "0:00:07"]
[BlackClock "0:00:50"]

1. d4 d6 2. Nf3 Nf6 3. c4 g6 4. Nc3 Bg7 5. e4 O-O 6. Be2 Bg4 7. Be3 Nc6 8. Rc1 e5 9. d5 Bxf3 10. Bxf3 Nd4 11. O-O Nxf3+ 12. Qxf3 Nh5 13. g4 Nf4 14. Bxf4 exf4 15. Qxf4 Be5 16. Qe3 Qf6 17. Ne2 Qh4 18. h3 Rae8 19. f4 Bxb2 20. Rb1 Bg7 21. Rxb7 f5 22. Qg3 Qe7 23. gxf5 Qxe4 24. Rf2 Qxc4 25. Qf3 Rxf5 26. Rxa7 Rxd5 27. Kg2 Rd2 28. Kf1 Bd4 29. Rh2 Bxa7 0-1


[Site "https://www.chess.com"]

[Event "Titled Tuesday Blitz May 24 Early 2022"]
[White "Mitrabha, Guha"]
[Black "Pham, Le Thao Nguyen"]
[WhiteFideId "5057000"]
[BlackFideId "12401226"]
[WhiteElo "2468"]
[BlackElo "2271"]
[Result "0-1"]
[Round "01"]
[TimeControl "180+1"]
[Date "2022.05.25"]
[WhiteClock "0:00:23"]
[BlackClock "0:00:15"]

1. Nf3 d5 2. g3 Bf5 3. Bg2 e6 4. O-O c6 5. b3 Nf6 6. Bb2 Be7 7. d3 O-O 8. Nbd2 h6 9. c4 a5 10. a3 Na6 11. Qc2 Qb6 12. Rfb1 Bh7 13. Bc3 c5 14. e3 Rfd8 15. Bf1 Nb8 16. Ne5 Nc6 17. Nxc6 bxc6 18. Nf3 Nd7 19. Qd2 Bf6 20. Bxf6 Nxf6 21. Qc3 d4 22. exd4 cxd4 23. Qd2 c5 24. Bg2 Ra6 25. Ne1 Rb8 26. Nc2 Qd6 27. f4 Nd7 28. Ra2 e5 29. Rab2 exf4 30. gxf4 Bf5 31. b4 axb4 32. axb4 cxb4 33. Nxb4 Ra3 34. Bf1 Nc5 35. Nc2 Rxb2 36. Rxb2 Rc3 37. Nb4 Qg6+ 38. Kh1 Nxd3 39. Nd5 Be4+ 40. Bg2 Qxg2+ 41. Qxg2 Rc1# 0-1


[Site "https://www.chess.com"]

[Event "Titled Tuesday Blitz May 24 Early 2022"]
[White "Namitbir Singh Walia"]
[Black "Skliarov, Viktor"]
[WhiteFideId "35071068"]
[BlackFideId "14106736"]
[WhiteElo "1565"]
[BlackElo "2229"]
[Result "0-1"]
[Round "01"]
[TimeControl "180+1"]
[Date "2022.05.25"]
[WhiteClock "0:00:06"]
[BlackClock "0:00:44"]

1. d4 Nf6 2. c4 e6 3. g3 c5 4. d5 exd5 5. cxd5 d6 6. Bg2 g6 7. Nc3 Bg7 8. Nf3 O-O 9. O-O Re8 10. h3 a6 11. a4 Ne4 12. Nxe4 Rxe4 13. Qc2 Bf5 14. Ng5 Rb4 15. e4 Bd7 16. Ra2 Qe8 17. b3 h6 18. Bd2 Rd4 19. Nxf7 Qxf7 20. Bc3 Be8 21. Bxd4 Bxd4 22. Kh2 Nd7 23. f4 Qg7 24. Qd3 Bf7 25. Rc2 Re8 26. Rb1 g5 27. b4 gxf4 28. gxf4 Qf6 29. Qg3+ Kh8 30. bxc5 Nxc5 31. Rb6 Nxe4 32. Bxe4 Bxb6 0-1


[Site "https://www.chess.com"]

[Event "Titled Tuesday Blitz May 24 Early 2022"]
[White "Navalgund, Niranjan"]
[Black "Rustemov, Alexander"]
[WhiteFideId "5030854"]
[BlackFideId "4119002"]
[WhiteElo "2290"]
[BlackElo "2832"]
[Result "0-1"]
[Round "01"]
[TimeControl "180+1"]
[Date "2022.05.25"]
[WhiteClock "0:00:41"]
[BlackClock "0:01:54"]

1. d4 d5 2. Nf3 Nf6 3. c4 c6 4. g3 Bf5 5. Bg2 e6 6. O-O Be7 7. Nc3 O-O 8. Nh4 dxc4 9. Nxf5 exf5 10. e3 Nbd7 11. Qe2 Nb6 12. b3 cxb3 13. axb3 Nbd5 14. Bb2 Re8 15. Rfc1 a6 16. Na4 Bd6 17. Nc5 Qe7 18. Qd3 g6 19. h3 h5 20. h4 Ne4 21. Nxe4 fxe4 22. Qe2 f5 23. Bf1 Kh7 24. Qe1 g5 25. hxg5 Qxg5 26. Kg2 h4 27. Be2 hxg3 28. Qh1+ Kg6 29. f4 Nxe3+ 30. Kg1 Bxf4 0-1


[Site "https://www.chess.com"]

[Event "Titled Tuesday Blitz May 24 Early 2022"]
[White "Nguyen, Quoc Hy"]
[Black "Martinez, Shawn"]
[WhiteFideId "12410853"]
[BlackFideId "2039770"]
[WhiteElo "1938"]
[BlackElo "2174"]
[Result "1-0"]
[Round "01"]
[TimeControl "180+1"]
[Date "2022.05.25"]
[WhiteClock "0:00:20"]
[BlackClock "0:00:40"]

1. d4 g6 2. c4 Bg7 3. e4 b6 4. Nf3 Bb7 5. Bd3 d6 6. O-O e6 7. Bg5 Ne7 8. Qd2 h6 9. Be3 Nd7 10. Nc3 a6 11. b4 e5 12. Rab1 exd4 13. Nxd4 Ne5 14. Be2 Qd7 15. h3 c5 16. Nc2 O-O-O 17. bxc5 dxc5 18. Nd5 Nxd5 19. cxd5 Qd6 20. f4 Nd7 21. Na3 b5 22. Bxb5 axb5 23. Nxb5 Qa6 24. e5 Nxe5 25. fxe5 Bxe5 26. Rxf7 Rxd5 27. Na7+ Qxa7 28. Qxd5 Bxd5 29. Rxa7 c4 30. Ra5 Rd8 31. Rc5+ Bc7 32. Bf4 Rd7 33. Bxc7 Be4 34. Be5+ Kd8 35. Bf6+ Ke8 36. Re5+ Kf7 37. Rxe4 Kxf6 38. Rf1+ Kg7 39. Rxc4 h5 40. Rfc1 Rd2 41. R1c2 Rd1+ 42. Kh2 Kh6 43. a4 Ra1 44. Rb4 Ra3 45. Rc6 Kg5 46. Rb5+ Kh4 47. Rc4# 1-0


[Site "https://www.chess.com"]

[Event "Titled Tuesday Blitz May 24 Early 2022"]
[White "Nilsen, Tobias Lang"]
[Black "Cardoso Cardoso, Jose Gabriel"]
[WhiteFideId "1521624"]
[BlackFideId "4430492"]
[WhiteElo "2014"]
[BlackElo "2485"]
[Result "0-1"]
[Round "01"]
[TimeControl "180+1"]
[Date "2022.05.25"]
[WhiteClock "0:00:18"]
[BlackClock "0:00:47"]

1. f4 f5 2. Nf3 Nf6 3. g3 g6 4. Bg2 Bg7 5. O-O O-O 6. d3 d6 7. Nc3 Nc6 8. e4 e5 9. fxe5 dxe5 10. Nh4 f4 11. gxf4 Ng4 12. Nf3 exf4 13. Nd5 Nd4 14. c3 Ne6 15. Qb3 Kh8 16. h3 Nh6 17. Nh2 g5 18. h4 c6 19. hxg5 Qxg5 20. Nf3 Qg3 21. Ne7 Nc5 22. Qc2 Bh3 23. Kh1 Nxd3 24. Bxh3 Qxh3+ 25. Kg1 Ne5 26. Ng5 Qg4+ 27. Qg2 Bf6 28. Qxg4 Nexg4 29. Ne6 Bxe7 30. Nxf8 Rxf8 31. Rxf4 Rg8 32. Kf1 Bc5 33. Bd2 Ne5 34. Ke2 Rg2+ 35. Kd1 Rg1+ 36. Be1 Rxe1+ 37. Kxe1 Nd3+ 38. Ke2 Nxf4+ 39. Kf3 Ng6 40. b4 Be7 41. a4 Ne5+ 42. Ke2 Kg7 43. a5 a6 44. Rd1 Nhg4 45. Rf1 h5 46. Rh1 h4 47. Rxh4 Bxh4 48. Kd2 Bg5+ 49. Kc2 Nf2 50. Kb3 Nxe4 51. Ka4 Nxc3+ 52. Kb3 Nb5 53. Ka4 Kf6 54. Kb3 Ke6 55. Ka4 Kd5 56. Kb3 Nd3 57. Ka4 Nxb4 58. Kxb4 Bd2+ 59. Ka4 Nc7 60. Kb3 Bxa5 61. Ka4 Bd2 62. Kb3 b5 63. Ka3 Kc4 64. Kb2 b4 65. Kc2 Bc3 66. Kb1 b3 67. Kc1 a5 68. Kb1 a4 69. Kc1 a3 70. Kd1 a2 71. Ke2 a1=Q 72. Kf3 Qe1 73. Kg4 b2 74. Kf5 b1=Q+ 75. Kg5 Qbe4 76. Kh6 Q1h4# 0-1


[Site "https://www.chess.com"]

[Event "Titled Tuesday Blitz May 24 Early 2022"]
[White "Oganian, Miran"]
[Black "Gulevich, Artem"]
[WhiteFideId "4122488"]
[BlackFideId "24119580"]
[WhiteElo "2357"]
[BlackElo "2218"]
[Result "1-0"]
[Round "01"]
[TimeControl "180+1"]
[Date "2022.05.25"]
[WhiteClock "0:02:02"]
[BlackClock "0:01:49"]

1. e4 c5 2. Nf3 Nc6 3. c3 Nf6 4. e5 Nd5 5. d4 cxd4 6. cxd4 d6 7. Bc4 dxe5 8. Bxd5 Qxd5 9. Nc3 Qd6 10. d5 Nd4 11. Nxd4 exd4 12. Qxd4 e5 13. Qd3 Be7 14. O-O O-O 15. a4 f5 16. b3 Qf6 17. Ba3 Bxa3 18. Rxa3 Bd7 19. Raa1 a6 20. Rac1 Rac8 21. d6 Be6 22. Nd5 Bxd5 23. Qxd5+ Qf7 24. Qxe5 Rcd8 25. Rc7 Rd7 26. Rxd7 Qxd7 27. Qd5+ Kh8 28. Re1 1-0


[Site "https://www.chess.com"]

[Event "Titled Tuesday Blitz May 24 Early 2022"]
[White "Onslow, Alfie"]
[Black "Eynullayev, Atilla"]
[WhiteFideId "436976"]
[BlackFideId "13413570"]
[WhiteElo "1885"]
[BlackElo "1936"]
[Result "0-1"]
[Round "01"]
[TimeControl "180+1"]
[Date "2022.05.25"]
[WhiteClock "0:00:02"]
[BlackClock "0:00:21"]

1. Nf3 Nf6 2. c4 e6 3. g3 d5 4. Bg2 Be7 5. O-O O-O 6. b3 b6 7. Bb2 c5 8. cxd5 Nxd5 9. d4 Bb7 10. Nc3 Nd7 11. Rc1 Rc8 12. Nxd5 Bxd5 13. e3 Nf6 14. Qe2 Qd7 15. Ne5 Qb7 16. Bxd5 Qxd5 17. Rfd1 Qb7 18. dxc5 Bxc5 19. Ng4 Nxg4 20. Qxg4 f5 21. Qf4 Rfd8 22. h4 Qe7 23. Qe5 Rb8 24. h5 h6 25. Qc3 Bd6 26. Qc4 Kh7 27. Rc2 Bb4 28. Rdc1 Bc5 29. Qc3 Rd7 30. Qe5 Rbd8 31. a3 a5 32. b4 axb4 33. axb4 Bxb4 34. Rc6 Bd6 35. Qc3 Qg5 36. Rxb6 Bxg3 37. fxg3 Qxg3+ 38. Kf1 Qf3+ 39. Ke1 Qh1+ 40. Kf2 Qh2+ 41. Kf3 Qh3+ 42. Kf2 Qh4+ 43. Kf3 Qe4+ 44. Kg3 f4+ 45. exf4 Rd3+ 46. Qxd3 Rxd3+ 47. Kg4 Qf5+ 48. Kh4 Rh3# 0-1


[Site "https://www.chess.com"]

[Event "Titled Tuesday Blitz May 24 Early 2022"]
[White "Papasimakopoulos, Alexandros"]
[Black "Redzisz, Michal"]
[WhiteFideId "4244125"]
[BlackFideId "21816107"]
[WhiteElo "2340"]
[BlackElo "2004"]
[Result "1-0"]
[Round "01"]
[TimeControl "180+1"]
[Date "2022.05.25"]
[WhiteClock "0:00:20"]
[BlackClock "0:00:26"]

1. d4 Nf6 2. c4 c5 3. d5 e6 4. Nc3 exd5 5. cxd5 d6 6. Nf3 g6 7. Bf4 a6 8. a4 Bg7 9. h3 O-O 10. e3 Nh5 11. Bh2 f5 12. Be2 Qe7 13. Nd2 Nf6 14. Nc4 Rd8 15. Nb6 Ra7 16. O-O Nbd7 17. Qb3 Ne5 18. Rfe1 Bd7 19. Red1 Be8 20. a5 Bf7 21. Rd2 Ne4 22. Rdd1 Nd7 23. Nca4 Nxb6 24. Nxb6 Qf6 25. Rab1 Qe7 26. Qc4 Nf6 27. b4 Ne4 28. Rbc1 g5 29. Bf3 cxb4 30. Nc8 Rxc8 31. Qxc8+ Bf8 32. Bxe4 fxe4 33. Rc7 Qe8 34. Qxe8 Bxe8 35. Rc8 Bf7 36. Bxd6 Ra8 37. Rxa8 h5 38. Rxf8+ 1-0


[Site "https://www.chess.com"]

[Event "Titled Tuesday Blitz May 24 Early 2022"]
[White "Paul, Justin"]
[Black "Borawski, Jakub"]
[WhiteFideId "2086581"]
[BlackFideId "1143000"]
[WhiteElo "2034"]
[BlackElo "2020"]
[Result "1-0"]
[Round "01"]
[TimeControl "180+1"]
[Date "2022.05.25"]
[WhiteClock "0:00:55"]
[BlackClock "0:00:07"]

1. c4 e5 2. Nc3 Nc6 3. g3 g6 4. Bg2 Bg7 5. h4 Nge7 6. h5 d6 7. h6 Bf6 8. Ne4 Ng8 9. Nxf6+ Nxf6 10. Nf3 Ng4 11. d3 Bd7 12. Rh4 Qe7 13. Bg5 f6 14. Bd2 O-O-O 15. Nh2 Nxh2 16. Rxh2 f5 17. Bc3 Rhf8 18. Qd2 Be6 19. b4 d5 20. b5 Nd4 21. e3 Bg8 22. Kf1 Ne6 23. cxd5 Nc5 24. e4 f4 25. Kg1 Qg5 26. Bb4 b6 27. Rc1 fxg3 28. Qxg5 1-0


[Site "https://www.chess.com"]

[Event "Titled Tuesday Blitz May 24 Early 2022"]
[White "Pein, Jonathan"]
[Black "Drygalov, Andrey"]
[WhiteFideId "417092"]
[BlackFideId "24171735"]
[WhiteElo "2140"]
[BlackElo "2540"]
[Result "1-0"]
[Round "01"]
[TimeControl "180+1"]
[Date "2022.05.24"]
[WhiteClock "0:01:43"]
[BlackClock "0:01:58"]

1. e4 c5 2. Nf3 d6 3. d4 cxd4 4. Nxd4 Nf6 5. Bb5+ Bd7 6. Bxd7+ Qxd7 7. Nc3 g6 8. O-O Bg7 9. Re1 O-O 10. Bg5 Rc8 11. Qd2 Nc6 12. Nxc6 Qxc6 13. Rac1 e6 14. Qf4 Nd7 15. Re3 f6 16. Bh6 g5 17. Qg4 Bxh6 18. Qxe6+ Kh8 19. Nd5 Bg7 20. Ne7 Re8 21. Ng6+ hxg6 22. Rh3+ Bh6 23. Qf7 1-0


[Site "https://www.chess.com"]

[Event "Titled Tuesday Blitz May 24 Early 2022"]
[White "Perera Alfonso, Rene Humberto"]
[Black "Pakleza, Zbigniew"]
[WhiteFideId "3514722"]
[BlackFideId "1119290"]
[WhiteElo "2313"]
[BlackElo "2467"]
[Result "1/2-1/2"]
[Round "01"]
[TimeControl "180+1"]
[Date "2022.05.24"]
[WhiteClock "0:00:04"]
[BlackClock "0:00:03"]

1. e4 d6 2. d4 Nf6 3. Nc3 c6 4. f3 Qb6 5. Bc4 e6 6. Nge2 d5 7. Bb3 Be7 8. O-O O-O 9. Kh1 Qd8 10. e5 Nfd7 11. f4 c5 12. Be3 Nc6 13. dxc5 Nxc5 14. Nd4 Nxb3 15. axb3 a6 16. Qf3 Bd7 17. Rad1 Rc8 18. Qg3 f5 19. Nce2 Kh8 20. c3 Qe8 21. b4 Qh5 22. Nxc6 bxc6 23. Nd4 c5 24. bxc5 Bxc5 25. Ra1 Bxd4 26. Bxd4 Bb5 27. Rf3 Rf7 28. Qf2 Rb7 29. b4 Qf7 30. Rh3 h6 31. Re3 Kh7 32. h3 Rc4 33. Kh2 Qc7 34. Rg3 Qc6 35. Qf3 Qe8 36. Rf1 Rbc7 37. Qe3 Qf7 38. Rgf3 Qe8 39. g4 Qf7 40. Rg3 a5 41. bxa5 Ra4 42. Rfg1 fxg4 43. Rxg4 Ra2+ 44. Kh1 Re2 45. Qg3 Ra2 46. f5 Bc4 47. fxe6 Qe7 48. Qf4 Bd3 49. Qe3 Be4+ 50. Rxe4 dxe4 51. Qxe4+ Kh8 52. Rf1 Rxa5 53. Bb6 Raa7 54. Bxc7 Rxc7 55. Qa8+ Kh7 56. Qe4+ Kh8 57. Qa8+ Kh7 58. Rf8 Qxe6 59. Rh8+ Kg6 60. Qg2+ Kh5 61. Qf3+ Kh4 62. Qf4+ Kh5 63. Qf3+ Kh4 64. Qf4+ Kh5 65. Qf3+ 1/2-1/2


[Site "https://www.chess.com"]

[Event "Titled Tuesday Blitz May 24 Early 2022"]
[White "Perez Gormaz, Matias"]
[Black "Polster, Christian"]
[WhiteFideId "3406342"]
[BlackFideId "12965081"]
[WhiteElo "2341"]
[BlackElo "2302"]
[Result "1-0"]
[Round "01"]
[TimeControl "180+1"]
[Date "2022.05.25"]
[WhiteClock "0:00:20"]
[BlackClock "0:00:12"]

1. e4 c5 2. Nf3 d6 3. Nc3 Nf6 4. e5 dxe5 5. Nxe5 Nbd7 6. d4 cxd4 7. Qxd4 e6 8. Bg5 Bc5 9. Qf4 Bd6 10. O-O-O Bxe5 11. Qe3 Qa5 12. Nb5 a6 13. Nd6+ Bxd6 14. Rxd6 O-O 15. Bd3 Qe5 16. Rd4 Qxe3+ 17. Bxe3 Ne5 18. Be2 Nd5 19. Bd2 b5 20. f4 Nc6 21. Rd3 Bb7 22. Rd1 Ndb4 23. Rd7 Rab8 24. Bf3 Nd5 25. f5 Rfd8 26. fxe6 fxe6 27. Bg4 Rxd7 28. Bxe6+ Kh8 29. Bxd7 Rd8 30. Bg4 Nf6 31. Bf3 Rd7 32. Re1 h5 33. Bg5 Na5 34. Bd1 Nc4 35. b3 Nd6 36. Bf4 Nde4 37. Be5 Re7 38. Bb2 Rc7 39. Bf3 Kg8 40. h3 h4 41. Be5 Rd7 42. Bb2 Rd5 43. a3 Rd7 44. Be5 Ng3 45. Bf4 Bxf3 46. gxf3 Ngh5 47. Bg5 Ng3 48. Bxh4 Nf5 49. Bf2 Nd4 50. Bxd4 Rxd4 51. Kb2 Rd7 52. Re3 Kf7 53. Rc3 Re7 54. Rc6 Re6 55. Rc7+ Kg6 56. Ra7 Kh6 57. c4 g5 58. c5 Nd5 59. b4 Nf4 60. Kc3 Ne2+ 61. Kd3 Ng1 62. Kd4 Nxf3+ 63. Kd5 Re5+ 64. Kd6 Re1 65. Rxa6 Kh5 66. c6 Rd1+ 67. Ke7 Ne5 68. c7 Rc1 69. Kd8 Nf7+ 70. Kd7 Ne5+ 71. Kd6 Nc4+ 72. Ke7 Ne3 73. Kd8 Nd5 74. c8=Q Rxc8+ 75. Kxc8 Kh4 76. Rd6 Nf4 77. Rb6 Kxh3 78. Rxb5 g4 79. Rg5 g3 80. b5 Ne6 81. Rg8 Nd4 82. a4 Nb3 83. Kc7 Nc5 84. a5 Ne6+ 85. Kd6 Nf4 86. Rxg3+ Kxg3 87. a6 Nd3 88. a7 Nb4 89. a8=Q Nc6 90. Qxc6 Kf4 91. Qc5 Kg4 92. Qe5 Kf3 93. b6 Kf2 94. b7 Kf3 95. b8=Q Kg2 96. Qf8 Kg1 97. Qeg7+ Kh2 98. Qfh8# 1-0


[Site "https://www.chess.com"]

[Event "Titled Tuesday Blitz May 24 Early 2022"]
[White "Perez Leiva, Jerzy Jesus"]
[Black "Vidit, Santosh Gujrathi"]
[WhiteFideId "3524337"]
[BlackFideId "5029465"]
[WhiteElo "2287"]
[BlackElo "2654"]
[Result "0-1"]
[Round "01"]
[TimeControl "180+1"]
[Date "2022.05.24"]
[WhiteClock "0:00:05"]
[BlackClock "0:00:26"]

1. e4 c5 2. Nf3 e6 3. d4 cxd4 4. Nxd4 a6 5. c4 Qc7 6. Nc3 Nf6 7. Be2 b6 8. O-O Bb7 9. Qd3 d6 10. f4 Nbd7 11. b4 Be7 12. Bb2 O-O 13. Rac1 Rac8 14. Rfe1 Rfd8 15. Bf1 Bf8 16. Qh3 Re8 17. Bd3 g6 18. Nf3 Bg7 19. e5 Nh5 20. Ng5 dxe5 21. Nce4 exf4 22. Bxg7 Kxg7 23. Bb1 Ndf6 24. Qc3 e5 25. c5 bxc5 26. bxc5 Bxe4 27. Nxe4 Nxe4 28. Bxe4 Nf6 29. c6 Re6 30. Bf3 Kg8 31. h3 e4 32. Bd1 Qb6+ 33. Kh2 Rexc6 34. Qd2 Rxc1 35. Qxc1 Rxc1 0-1


[Site "https://www.chess.com"]

[Event "Titled Tuesday Blitz May 24 Early 2022"]
[White "Pert, Nicholas"]
[Black "Zaksaite, Salomeja"]
[WhiteFideId "403989"]
[BlackFideId "12801496"]
[WhiteElo "2536"]
[BlackElo "1953"]
[Result "1-0"]
[Round "01"]
[TimeControl "180+1"]
[Date "2022.05.25"]
[WhiteClock "0:00:55"]
[BlackClock "0:00:01"]

1. Nf3 Nf6 2. g3 g6 3. Bg2 d5 4. c4 Bg7 5. cxd5 Nxd5 6. Nc3 Nb6 7. O-O O-O 8. d3 Nc6 9. Bd2 e5 10. Qc1 f6 11. Rd1 Be6 12. Bh6 Qe7 13. Ne4 Rad8 14. Bxg7 Kxg7 15. Nc5 Bc8 16. a3 Nd7 17. Ne4 f5 18. Nc3 Nf6 19. b4 a5 20. b5 Nd4 21. Qb2 b6 22. e3 Nxf3+ 23. Bxf3 Be6 24. Bg2 Rd7 25. Rd2 Rfd8 26. Rad1 Nd5 27. Nxd5 Bxd5 28. e4 Ba8 29. exf5 Bxg2 30. Kxg2 gxf5 31. Re2 Rd5 32. Rde1 Kg6 33. Rxe5 Rxe5 34. Rxe5 Qf6 35. Qe2 Rd6 36. d4 h6 37. d5 Kg5 38. g4 1-0


[Site "https://www.chess.com"]

[Event "Titled Tuesday Blitz May 24 Early 2022"]
[White "Petre, Nad-Titus"]
[Black "Chincholimath, Halsagar"]
[WhiteFideId "1204165"]
[BlackFideId "5022487"]
[WhiteElo "2354"]
[BlackElo "1737"]
[Result "1-0"]
[Round "01"]
[TimeControl "180+1"]
[Date "2022.05.25"]
[WhiteClock "0:00:38"]
[BlackClock "0:00:24"]

1. e4 c6 2. d4 d5 3. exd5 cxd5 4. Bd3 Qc7 5. Nc3 Nf6 6. Nb5 Qb6 7. Bf4 Na6 8. c3 Bd7 9. a4 e6 10. Nf3 Be7 11. Ne5 O-O 12. Qe2 Rad8 13. g4 Bxb5 14. Bxb5 Nc7 15. Bd3 Ne4 16. a5 Qb3 17. f3 Nxc3 18. bxc3 Qxc3+ 19. Kf2 Qxd4+ 20. Qe3 Qb2+ 21. Qd2 Qd4+ 22. Kg2 Bd6 23. Bxh7+ Kxh7 24. Qxd4 Bxe5 25. Bxe5 Nb5 26. Qd3+ 1-0


[Site "https://www.chess.com"]

[Event "Titled Tuesday Blitz May 24 Early 2022"]
[White "Pham, Tran Gia Phuc"]
[Black "Schekachikhin, Maksim"]
[WhiteFideId "12415669"]
[BlackFideId "24177830"]
[WhiteElo "1789"]
[BlackElo "2239"]
[Result "0-1"]
[Round "01"]
[TimeControl "180+1"]
[Date "2022.05.25"]
[WhiteClock "0:00:24"]
[BlackClock "0:01:16"]

1. e4 c5 2. Nc3 a6 3. d4 cxd4 4. Qxd4 Nc6 5. Qd2 Nf6 6. b3 b5 7. f3 Bb7 8. Bb2 e6 9. O-O-O Be7 10. g4 O-O 11. Kb1 d6 12. g5 Nh5 13. f4 e5 14. Nd5 Nxf4 15. Nxf4 exf4 16. h4 Ne5 17. Qxf4 Qc7 18. Nf3 Nxf3 19. Qxf3 f6 20. Qg4 Qc8 21. Qxc8 Raxc8 22. Bh3 Rcd8 23. Be6+ Kh8 24. Rde1 fxg5 25. hxg5 Bxg5 26. Rh5 Bf6 27. Bc1 g6 28. Rh6 Bg7 29. Rh3 h5 30. Rg3 Kh7 31. Bd5 Bxd5 32. exd5 Rde8 33. Reg1 Bd4 34. R1g2 Rf6 35. c3 Be5 36. Re3 Rf1 37. Re4 Ref8 38. c4 bxc4 39. bxc4 Bf4 40. Rc2 Rb8+ 0-1


[Site "https://www.chess.com"]

[Event "Titled Tuesday Blitz May 24 Early 2022"]
[White "Piliczewski, Bogusz"]
[Black "Hamley, Ryan"]
[WhiteFideId "1104144"]
[BlackFideId "30959497"]
[WhiteElo "1896"]
[BlackElo "2548"]
[Result "0-1"]
[Round "01"]
[TimeControl "180+1"]
[Date "2022.05.25"]
[WhiteClock "0:00:23"]
[BlackClock "0:00:46"]

1. d4 Nf6 2. Nf3 e6 3. Bf4 d6 4. e3 g6 5. Be2 Bg7 6. O-O b6 7. c4 Bb7 8. Nc3 Nbd7 9. h3 O-O 10. Qc2 Qe7 11. Bh2 e5 12. Rfe1 Rfe8 13. Rad1 Rad8 14. Nb5 c6 15. Nxd6 Qxd6 16. dxe5 Qe7 17. exf6 Nxf6 18. Rxd8 Rxd8 19. Rd1 Re8 20. b3 c5 21. Qd2 Ne4 22. Qd7 Bf6 23. Qxe7 Rxe7 24. Rd8+ Kg7 25. Bd3 g5 26. Bb8 Bc6 27. Bxe4 Bxe4 28. Nd2 Bc2 29. Kf1 Bf5 30. Ke2 Rb7 31. Re8 Bd7 0-1


[Site "https://www.chess.com"]